AoeStats
← LearningNewCivsPlsHelp

Arena

508790704Analyzed
2v2 RM · 7d ago on Sep 24, 2026· 30m 12s· 4 players
Game mode
Random Map
Map size
Medium (4 player)
Population
200
Speed
Normal
Resources
Standard
Victory
Conquest
Starting age
Dark Age
Ending age
Imperial Age
RankedLock teamsTeams togetherTeam positionsShared explorationLock speedFull tech treeHidden civsTurbo modeCheats
Victory
Defeat
1482
+12
🇧🇷 Saxons · Brazil
1103
+27
🇨🇴 Malay · Colombia
1407
-21
🇺🇸 Saxons · United States
1333
-18
alexisjcw
6:41 Loom
8:56 Feudal Age
9:40 Double-Bit Axe
9:54 Stone Mining
11:42 Fletching
13:08 Gold Mining
16:32 Horse Collar
23:18 Castle Age
23:59 Bodkin Arrow
24:58 Guard Tower
27:49 Gold Shaft Mining
Jack_el_Guapo
12:01 Feudal Age
15:11 Castle Age
13:22 Double-Bit Axe
14:07 Horse Collar
16:47 Loom
22:05 Fletching
24:40 Bodkin Arrow
29:28 Wheelbarrow
29:34 Forging
Stock_br
9:36 Feudal Age
7:52 Loom
11:26 Loom
15:25 Fletching
19:17 Castle Age
22:30 Double-Bit Axe
29:27 Scale Mail Armor
LearningNewCivsPlsHelp
10:08 Feudal Age
13:46 Castle Age
12:23 Horse Collar
12:56 Double-Bit Axe
14:45 Bow Saw
14:37 Heavy Plow
14:51 Loom
17:14 Loom
27:11 Imperial Age
26:25 Forging
26:24 Fletching
27:55 Bodkin Arrow
27:58 Gold Mining
30:17 Scale Barding Armor
Connection lost

Rejoining the realm…

Still unreachable

The connection could not be restored.

Session expired

The server has moved on; the page needs a fresh start.